[Event "CZE-ch Youth B12 2022"]
[Site "Luhacovice"]
[Date "2022.03.18"]
[Round "8.3"]
[White "Roubal, Matyas"]
[Black "Mik, Tomas"]
[Result "0-1"]
[ECO "B07"]
[WhiteElo "1870"]
[BlackElo "1643"]
[Annotator "NA"]
[PlyCount "84"]
[EventDate "2022.03.12"]
[EventType "swiss"]
[EventCountry "CZE"]
[SourceTitle "playchess.com"]
[Source "ChessBase"]
[SourceQuality "1"]
[TimeControl "5400+30"]

1. e4 d6 2. d4 Nf6 3. Nc3 Nbd7 4. Nf3 e5 5. g4 Nxg4 6. Rg1 Ngf6 7. Be3 c6 8. Qd2 b5 9. a3 Qc7 10. O-O-O a5 11. Bd3 b4 12. Nb1 Rb8 13. a4 c5 14. dxe5 $11 dxe5 15. Bc4 h6 16. Nh4 Nb6 17. Bb5+ Bd7 18. Bxd7+ Nbxd7 19. f4 c4 20. fxe5 c3 21. bxc3 Nxe4 22. Qd5 Nxc3 23. Nxc3 bxc3 24. Rd4 Qb7 25. Qxb7 Rxb7 26. Rd5 Ba3+ 27. Kd1 Rb1+ 28. Ke2 Rxg1 29. Bxg1 Bb4 30. Nf5 g6 31. Nd4 Ke7 32. Nc6+ Ke6 33. Nxb4 axb4 34. Rb5 Rb8 35. Rxb8 Nxb8 36. Kd3 Kd5 37. a5 Na6 38. Bb6 Kxe5 39. Kc4 Ke4 40. Bd4 f5 41. Kb5 Kxd4 42. Kxa6 b3 0-1

[Event "CZE-ch Youth B12 2022"]
[Site "Luhacovice"]
[Date "2022.03.18"]
[Round "8.4"]
[White "Stary, Vojtech"]
[Black "Kroulik, Vaclav"]
[Result "1-0"]
[ECO "A32"]
[WhiteElo "1640"]
[BlackElo "1645"]
[Annotator "NA"]
[PlyCount "61"]
[EventDate "2022.03.12"]
[EventType "swiss"]
[EventCountry "CZE"]
[SourceTitle "playchess.com"]
[Source "ChessBase"]
[SourceQuality "1"]
[TimeControl "5400+30"]

1. Nf3 Nf6 2. c4 c5 3. d4 cxd4 4. Nxd4 e6 5. Nc3 a6 6. g3 Nc6 7. Bg2 Qc7 8. Nc2 Be7 9. O-O O-O 10. b3 d6 11. Bb2 Bd7 12. e4 Rac8 13. Kh1 Na7 14. Nd4 b5 15. cxb5 Nxb5 16. Ncxb5 Bxb5 17. Re1 Qb6 18. f4 Rfd8 19. Rc1 Rxc1 20. Qxc1 d5 21. exd5 Nxd5 22. f5 Nb4 23. fxe6 Rxd4 24. exf7+ Kxf7 25. Qe3 Nc6 26. Qe6+ Kf8 27. Bxd4 Qxd4 28. Bxc6 Bxc6+ 29. Qxc6 Qb4 30. Qe4 Qd6 31. Qf4+ 1-0

[Event "CZE-ch Youth B12 2022"]
[Site "Luhacovice"]
[Date "2022.03.18"]
[Round "8.5"]
[White "Vana, Jan"]
[Black "Soucek, Andrej"]
[Result "1-0"]
[ECO "B20"]
[WhiteElo "1609"]
[BlackElo "1399"]
[Annotator "NA"]
[PlyCount "41"]
[EventDate "2022.03.12"]
[EventType "swiss"]
[EventCountry "CZE"]
[SourceTitle "playchess.com"]
[Source "ChessBase"]
[SourceQuality "1"]
[TimeControl "5400+30"]

1. e4 c5 2. b4 e6 3. bxc5 Bxc5 4. d4 Bb6 5. c3 d6 6. Bd3 Nc6 7. f4 Nge7 8. Nf3 d5 9. e5 Ng6 10. O-O O-O 11. Ba3 Re8 12. Ng5 Nce7 13. Qh5 h6 14. Nxf7 Kxf7 15. Bxe7 Rxe7 16. Qxg6+ Kf8 17. Nd2 Qe8 18. Qh7 Qf7 19. f5 Ke8 20. f6 Kd7 21. Bg6 1-0

[Event "CZE-ch Youth B12 2022"]
[Site "Luhacovice"]
[Date "2022.03.18"]
[Round "8.6"]
[White "Martirosyan, David"]
[Black "Mydlar, Matej"]
[Result "1-0"]
[ECO "B28"]
[WhiteElo "1725"]
[BlackElo "1554"]
[Annotator "NA"]
[PlyCount "69"]
[EventDate "2022.03.12"]
[EventType "swiss"]
[EventCountry "CZE"]
[SourceTitle "playchess.com"]
[Source "ChessBase"]
[SourceQuality "1"]
[TimeControl "5400+30"]

1. e4 c5 2. Nf3 a6 3. c4 e6 4. Nc3 Nc6 5. d4 cxd4 6. Nxd4 Qc7 7. Be3 Nf6 8. Be2 b6 9. O-O Bb7 10. f3 Be7 11. Qd2 d6 12. Rad1 O-O 13. b3 Rac8 14. Na4 Nd7 15. Nxc6 Bxc6 16. Nc3 Rfd8 17. Bf4 Nf6 18. Qb2 Qb7 19. Rd2 d5 20. cxd5 exd5 21. exd5 Nxd5 22. Nxd5 Rxd5 23. Rxd5 Bxd5 24. Rd1 Bc5+ 25. Kh1 a5 26. h3 h6 27. Qe5 Bc6 28. Qf5 g6 29. Qg4 Bf8 30. Bc4 Kh7 31. Bxf7 Qxf7 32. Qxc8 Qxf4 33. Qxc6 Qb4 34. Rd7+ Bg7 35. Qf6 1-0

[Event "CZE-ch Youth B12 2022"]
[Site "Luhacovice"]
[Date "2022.03.18"]
[Round "8.7"]
[White "Chon, Jeremy"]
[Black "Krautschneider, Daniel Jan"]
[Result "1/2-1/2"]
[ECO "D02"]
[WhiteElo "1455"]
[BlackElo "1304"]
[Annotator "NA"]
[PlyCount "208"]
[EventDate "2022.03.12"]
[EventType "swiss"]
[EventCountry "CZE"]
[SourceTitle "playchess.com"]
[Source "ChessBase"]
[SourceQuality "1"]
[TimeControl "5400+30"]

1. Nf3 d5 2. d4 Nf6 3. Bf4 e6 4. e3 Be7 5. Bd3 O-O 6. h3 b6 7. O-O Bb7 8. c4 Ne4 9. Nc3 f5 10. Qc2 Nd7 11. cxd5 exd5 12. Nb5 Bd6 13. Nxd6 cxd6 14. Qb3 Kh8 15. Rfd1 g5 16. Bxe4 dxe4 17. Nxg5 Qf6 18. Qe6 h6 19. Bxd6 hxg5 20. Qxd7 Rf7 21. Be5 Rxd7 22. Bxf6+ Kg8 23. Rac1 g4 24. hxg4 fxg4 25. Rc2 Kf7 26. Be5 Re8 27. Rdc1 Ree7 28. Kh2 Kg6 29. Rc7 Bd5 30. a3 b5 31. Rxd7 Rxd7 32. Rc7 Rxc7 33. Bxc7 a6 34. Kg3 Kf5 35. Kh4 Bf7 36. Bf4 a5 37. Bc7 a4 38. Bf4 Be6 39. Kh5 Bc4 40. Kh6 Kf6 41. Be5+ Kf5 42. Kg7 Bb3 43. Bf4 Bc4 44. Kf8 Ke6 45. Ke8 Ba2 46. Kd8 Bb3 47. Kc7 Kd5 48. Kb6 Bc4 49. Bb8 Bf1 50. Bf4 Bc4 51. Ka5 Bd3 52. Kb4 Bc4 53. Bb8 Kc6 54. Bf4 Kd5 55. Kc3 Ke6 56. Kd2 Bf1 57. f3 exf3 58. gxf3 gxf3 59. e4 f2 60. Ke3 Bd3 61. Kxf2 Bxe4 62. Bd2 Kd5 63. Ke3 Bc2 64. Bc3 Bb3 65. Kf4 Bc4 66. Kf5 Bf1 67. Kf6 Bc4 68. Ke7 Bf1 69. Kd7 Bc4 70. Kc7 Bf1 71. Kb6 Be2 72. Ka5 Bd3 73. Kb4 Bc4 74. Ka5 Bd3 75. Kb6 Bc4 76. Kc7 Bd3 77. Kd7 Bc4 78. Ke7 Bd3 79. Kf6 Be2 80. Kf5 Bc4 81. Kf4 Bf1 82. Ke3 Bc4 83. Kd2 Bf1 84. Kc2 Bc4 85. Kd2 Bf1 86. Ke3 Bc4 87. Kf4 Bf1 88. Kf5 Bc4 89. Kf6 Bd3 90. Ke7 Bc4 91. Kd7 Bd3 92. Kc7 Be2 93. Kb6 Bf1 94. Ka5 Be2 95. Kb4 Bd3 96. b3 axb3 97. Kxb3 Bc4+ 98. Kb4 Bd3 99. Bb2 Be2 100. Kc3 Bf1 101. Bc1 Be2 102. Bg5 Bf1 103. Bf6 Be2 104. Kb4 Bf1 1/2-1/2

[Event "CZE-ch Youth B12 2022"]
[Site "Luhacovice"]
[Date "2022.03.18"]
[Round "8.8"]
[White "Kozdon, Marek"]
[Black "Topencik, Bruno"]
[Result "1/2-1/2"]
[ECO "D37"]
[WhiteElo "1183"]
[BlackElo "1339"]
[Annotator "NA"]
[PlyCount "87"]
[EventDate "2022.03.12"]
[EventType "swiss"]
[EventCountry "CZE"]
[SourceTitle "playchess.com"]
[Source "ChessBase"]
[SourceQuality "1"]
[TimeControl "5400+30"]

1. d4 d5 2. Nf3 Nf6 3. c4 e6 4. Nc3 Nbd7 5. Bg5 Be7 6. e3 c6 7. Bd3 O-O 8. O-O dxc4 9. Bxc4 Nb6 10. Bd3 Nfd5 11. Bxe7 Qxe7 12. Nxd5 cxd5 13. Qc2 h6 14. Rac1 Bd7 15. Qc5 Qxc5 16. Rxc5 Rfc8 17. Rfc1 Rxc5 18. Rxc5 Rc8 19. Rxc8+ Bxc8 20. b3 Kf8 21. Kf1 Ke7 22. Ke2 Bd7 23. Ne5 Be8 24. h4 f6 25. Nf3 Bh5 26. e4 Kd6 27. Ke3 Bxf3 28. Kxf3 a6 29. h5 dxe4+ 30. Bxe4 Kc7 31. g4 Nc8 32. Kf4 Nd6 33. f3 b6 34. Bd3 b5 35. a3 a5 36. Bc2 b4 37. a4 Kc6 38. Be4+ Kd7 39. Ke3 Kc7 40. f4 Kd7 41. Bf3 Ke7 42. Bc6 Kf7 43. Be4 Ke7 44. Bc6 1/2-1/2

[Event "CZE-ch Youth B12 2022"]
[Site "Luhacovice"]
[Date "2022.03.18"]
[Round "8.9"]
[White "Sotek, Simon"]
[Black "Letal, Hynek"]
[Result "0-1"]
[ECO "D32"]
[WhiteElo "1280"]
[BlackElo "1371"]
[Annotator "NA"]
[PlyCount "84"]
[EventDate "2022.03.12"]
[EventType "swiss"]
[EventCountry "CZE"]
[SourceTitle "playchess.com"]
[Source "ChessBase"]
[SourceQuality "1"]
[TimeControl "5400+30"]

1. d4 d5 2. c4 e6 3. Nc3 c5 4. e3 Nf6 5. Nf3 Nc6 6. Be2 Be7 7. O-O O-O 8. cxd5 exd5 9. Re1 a6 10. a3 c4 11. Ne5 Na5 12. Bf3 Nb3 13. Ra2 Be6 14. Nb1 Bd6 15. Nd2 Nxc1 16. Qxc1 Bxe5 17. dxe5 Nd7 18. Qc3 Qc7 19. Raa1 Qxe5 20. Qb4 b5 21. a4 Rfb8 22. axb5 Rxb5 23. Qxb5 axb5 24. Rxa8+ Nf8 25. Rb1 g6 26. Ra5 b4 27. Rb5 c3 28. bxc3 bxc3 29. Nf1 c2 30. Rc1 Qc3 31. g4 d4 32. exd4 Bc4 33. Rc5 Qb2 34. Rxc4 Qxc1 35. Be4 Qd1 36. Bxc2 Qxg4+ 37. Kh1 Qe2 38. Ne3 Qxf2 39. d5 Qxe3 40. Rc6 Qf2 41. h3 Qf3+ 42. Kg1 Qxd5 0-1

[Event "CZE-ch Youth B12 2022"]
[Site "Luhacovice"]
[Date "2022.03.18"]
[Round "8.10"]
[White "Stejskal, Jakub"]
[Black "Tejnor, Martin"]
[Result "0-1"]
[ECO "B90"]
[WhiteElo "1557"]
[BlackElo "1367"]
[Annotator "NA"]
[PlyCount "82"]
[EventDate "2022.03.12"]
[EventType "swiss"]
[EventCountry "CZE"]
[SourceTitle "playchess.com"]
[Source "ChessBase"]
[SourceQuality "1"]
[TimeControl "5400+30"]

1. e4 c5 2. Nf3 d6 3. d4 cxd4 4. Nxd4 Nf6 5. Nc3 a6 6. a4 Nc6 7. Be2 e6 8. Be3 Be7 9. O-O O-O 10. f4 Bd7 11. Bf3 Qc7 12. Qd2 Rac8 13. Rad1 Na5 14. Qf2 Nc4 15. Bc1 Nb6 16. g4 Nxa4 17. Nxa4 Bxa4 18. b3 Bd7 19. g5 Ne8 20. h4 e5 21. Ne2 Qxc2 22. f5 f6 23. Qg3 Qxb3 24. Kg2 Bb5 25. Qg4 Qf7 26. g6 Qa2 27. Qh5 h6 28. Bxh6 Bxe2 29. Bxe2 gxh6 30. Ra1 Qd2 31. Rfd1 Qe3 32. Rd3 Qxe4+ 33. Bf3 Qf4 34. Ra4 Rc2+ 35. Kf1 Ng7 36. Rxf4 Nxh5 37. Rb4 Ng3+ 38. Kg1 Nxf5 39. Rxb7 Rfc8 40. Bg4 Rc1+ 41. Kh2 R8c2+ 0-1

[Event "CZE-ch Youth B12 2022"]
[Site "Luhacovice"]
[Date "2022.03.18"]
[Round "8.11"]
[White "Jansky, Adam"]
[Black "Ruzicka, Oto"]
[Result "0-1"]
[ECO "C57"]
[WhiteElo "1233"]
[BlackElo "1233"]
[Annotator "NA"]
[PlyCount "72"]
[EventDate "2022.03.12"]
[EventType "swiss"]
[EventCountry "CZE"]
[SourceTitle "playchess.com"]
[Source "ChessBase"]
[SourceQuality "1"]
[TimeControl "5400+30"]

1. e4 e5 2. Nf3 Nc6 3. Bc4 Nf6 4. Ng5 d5 5. exd5 b5 6. Bf1 Nd4 7. c3 Nxd5 8. cxd4 Qxg5 9. Bxb5+ Kd8 10. O-O Bb7 11. Qf3 e4 12. Qxe4 Bd6 13. Qf3 Rb8 14. h4 Nf4 15. hxg5 Bxf3 16. gxf3 Rxb5 17. Re1 Rxg5+ 18. Kf1 h5 19. d3 f5 20. Bxf4 Bxf4 21. Nc3 h4 22. Nd5 Bd6 23. Ke2 f4 24. Rh1 Rxd5 25. Rh3 Rxd4 26. Rg1 Be5 27. Rg4 Bf6 28. Kd2 g5 29. Kc2 Re8 30. Kd2 Ra4 31. a3 Ra6 32. Rh2 Rb6 33. Kc1 Re2 34. b4 Rc6+ 35. Kb1 Rb2+ 36. Ka1 Rc1# 0-1

[Event "CZE-ch Youth B12 2022"]
[Site "Luhacovice"]
[Date "2022.03.18"]
[Round "8.12"]
[White "Pasek, Josef"]
[Black "Knapek, Jan"]
[Result "0-1"]
[ECO "D02"]
[WhiteElo "1351"]
[BlackElo "1340"]
[Annotator "NA"]
[PlyCount "70"]
[EventDate "2022.03.12"]
[EventType "swiss"]
[EventCountry "CZE"]
[SourceTitle "playchess.com"]
[Source "ChessBase"]
[SourceQuality "1"]
[TimeControl "5400+30"]

1. d4 d5 2. Nf3 Nc6 3. g3 Nf6 4. Bg2 g6 5. O-O Bg7 6. b3 O-O 7. Bb2 Bf5 8. Nbd2 Qd7 9. c4 dxc4 10. bxc4 Nh5 11. Nb3 Rad8 12. Qd2 b6 13. d5 Qc8 14. Bxg7 Nxg7 15. Qc3 Nb8 16. Nfd4 Bh3 17. e4 Bxg2 18. Kxg2 e6 19. Rac1 c6 20. dxe6 Nxe6 21. f4 Nxd4 22. Nxd4 c5 23. Nf3 Qc6 24. e5 Na6 25. Rcd1 b5 26. cxb5 Qxb5 27. Rxd8 Rxd8 28. e6 Qe2+ 29. Rf2 Qxe6 30. f5 Qc6 31. fxg6 hxg6 32. h4 Nb4 33. Kh2 Rd3 34. Qe1 Rxf3 35. Re2 Rf6 0-1

[Event "CZE-ch Youth B12 2022"]
[Site "Luhacovice"]
[Date "2022.03.19"]
[Round "9.2"]
[White "Kutil, Adam"]
[Black "Delgerdalai, Bayarjavkhlan"]
[Result "0-1"]
[ECO "B52"]
[WhiteElo "1544"]
[BlackElo "2074"]
[Annotator "ChessBase"]
[PlyCount "87"]
[EventDate "2022.03.12"]
[EventType "swiss"]
[EventCountry "CZE"]
[SourceTitle "playchess.com"]
[Source "ChessBase"]
[SourceQuality "1"]
[TimeControl "5400+30"]

1. Nf3 c5 2. e4 d6 3. Bb5+ Bd7 4. Bxd7+ Nxd7 5. c4 Ngf6 6. Nc3 g6 7. d4 cxd4 8. Nxd4 Rc8 9. b3 a6 10. O-O e6 11. Nde2 Qc7 12. f3 Bg7 13. Bf4 Ne5 14. Qd2 O-O 15. Bh6 Rfd8 16. Bxg7 Kxg7 17. f4 Neg4 18. h3 Qc5+ 19. Qd4 Qxd4+ 20. Nxd4 e5 21. Nc2 Nh6 22. g4 Nhg8 23. g5 Nh5 24. f5 f6 25. h4 Nf4 26. Kh2 gxf5 27. exf5 d5 28. Rxf4 exf4 29. Nd4 Kf7 30. Ne6 Rd6 31. Nxd5 b5 32. Ndxf4 Ne7 33. gxf6 Nxf5 34. Ng5+ Kxf6 35. Ne4+ Ke5 36. Nxd6 Nxd6 37. Nd3+ Ke4 38. c5 Nf5 39. Nb4 Rxc5 40. Nxa6 Rc2+ 41. Kh3 Rc3+ 42. Kg4 Rg3+ 43. Kh5 Rg6 44. Re1+ 0-1

[Event "CZE-ch Youth B12 2022"]
[Site "Luhacovice"]
[Date "2022.03.19"]
[Round "9.3"]
[White "Mikulka, Martin Michael"]
[Black "Stary, Vojtech"]
[Result "1-0"]
[ECO "B76"]
[WhiteElo "1406"]
[BlackElo "1640"]
[Annotator "NA"]
[PlyCount "89"]
[EventDate "2022.03.12"]
[EventType "swiss"]
[EventCountry "CZE"]
[SourceTitle "playchess.com"]
[Source "ChessBase"]
[SourceQuality "1"]
[TimeControl "5400+30"]

1. e4 c5 2. Nf3 d6 3. d4 cxd4 4. Nxd4 Nf6 5. Nc3 g6 6. Be3 Bg7 7. f3 Nc6 8. Qd2 O-O 9. O-O-O Nxd4 10. Bxd4 Be6 11. g4 Qa5 12. Kb1 Rfc8 13. Nd5 Qxd2 14. Nxf6+ Bxf6 15. Rxd2 Bxd4 16. Rxd4 Rc5 17. h4 Rac8 18. Rh2 Bc4 19. Bxc4 Rxc4 20. Rhd2 Rxd4 21. Rxd4 Rc5 22. c3 Kg7 23. Kc2 Kf6 24. Kd3 Ke5 25. Ke3 f5 26. exf5 gxf5 27. g5 Rc6 28. h5 Rb6 29. h6 Rc6 30. Ra4 a6 31. Rb4 Rc7 32. a4 Kd5 33. Kf4 e6 34. Rd4+ Kc5 35. b4+ Kb6 36. Rxd6+ Ka7 37. Rxe6 Rxc3 38. g6 hxg6 39. h7 Rc8 40. Rxg6 Rh8 41. Rh6 b5 42. a5 Kb7 43. Kxf5 Kc7 44. Kg6 Kd7 45. Kg7 1-0

[Event "CZE-ch Youth B12 2022"]
[Site "Luhacovice"]
[Date "2022.03.19"]
[Round "9.4"]
[White "Mik, Tomas"]
[Black "Martirosyan, David"]
[Result "0-1"]
[ECO "C48"]
[WhiteElo "1643"]
[BlackElo "1725"]
[Annotator "NA"]
[PlyCount "80"]
[EventDate "2022.03.12"]
[EventType "swiss"]
[EventCountry "CZE"]
[SourceTitle "playchess.com"]
[Source "ChessBase"]
[SourceQuality "1"]
[TimeControl "5400+30"]

1. Nc3 e5 2. Nf3 Nc6 3. e4 Bc5 4. Bb5 Nf6 5. Nxe5 Nxe5 6. d4 Bd6 7. f4 Nc6 8. e5 Be7 9. exf6 Bxf6 10. Be3 O-O 11. Qd2 d5 12. O-O-O a6 13. Be2 b5 14. g4 Re8 15. Bf3 Na5 16. Bxd5 c6 17. Bb3 Bxg4 18. Rdf1 Nxb3+ 19. axb3 Bf5 20. h3 Qd7 21. h4 Rad8 22. Rd1 Re6 23. h5 h6 24. Qf2 Rd6 25. Ne2 c5 26. d5 Rxd5 27. Rxd5 Qxd5 28. Rg1 c4 29. b4 Rd7 30. Nc3 Qd6 31. Bc5 Qc6 32. Ne2 Rd5 33. Nd4 Qd7 34. c3 Bg4 35. Qh2 Rxh5 36. Qg2 Bf5 37. Nc6 Bg6 38. Bd4 Qf5 39. Bxf6 Qxf4+ 40. Kd1 Qxf6 0-1

[Event "CZE-ch Youth B12 2022"]
[Site "Luhacovice"]
[Date "2022.03.19"]
[Round "9.5"]
[White "Soucek, Andrej"]
[Black "Roubal, Matyas"]
[Result "0-1"]
[ECO "B30"]
[WhiteElo "1399"]
[BlackElo "1870"]
[Annotator "NA"]
[PlyCount "82"]
[EventDate "2022.03.12"]
[EventType "swiss"]
[EventCountry "CZE"]
[SourceTitle "playchess.com"]
[Source "ChessBase"]
[SourceQuality "1"]
[TimeControl "5400+30"]

1. e4 c5 2. Nf3 Nc6 3. Bb5 e5 4. O-O Nge7 5. Nc3 d6 6. h3 a6 7. Be2 b5 8. d3 Ng6 9. Nh2 (9. a4 $14 {is more appropriate.}) 9... Be7 10. Bg4 Bb7 11. Bf5 O-O 12. Ng4 Nh4 13. Ne3 Nxf5 14. Nxf5 Nd4 15. Ne3 f5 16. Ned5 f4 17. Nxe7+ Qxe7 18. f3 $17 Qg5 19. Kh1 Rf6 20. Qd2 Rh6 21. Qf2 Bc8 22. Kh2 Bd7 23. Ne2 Nxe2 24. Qxe2 Qg3+ 25. Kg1 Rxh3 26. c3 Rf8 27. Qe1 Qg5 28. d4 Rg3 29. Qd2 Bh3 30. Rf2 Rf6 31. dxc5 dxc5 32. Qd5+ Kf8 33. Qxc5+ Kf7 34. Qd5+ Kg6 35. Qd2 Kh6 36. Kf1 Rxg2 37. Ke1 Qg3 38. Qe2 Rd6 39. Bxf4+ exf4 40. e5 Rg1+ 41. Qf1 Rxf1+ 0-1

[Event "CZE-ch Youth B12 2022"]
[Site "Luhacovice"]
[Date "2022.03.19"]
[Round "9.6"]
[White "Krautschneider, Daniel Jan"]
[Black "Kroulik, Vaclav"]
[Result "0-1"]
[ECO "B22"]
[WhiteElo "1304"]
[BlackElo "1645"]
[Annotator "NA"]
[PlyCount "70"]
[EventDate "2022.03.12"]
[EventType "swiss"]
[EventCountry "CZE"]
[SourceTitle "playchess.com"]
[Source "ChessBase"]
[SourceQuality "1"]
[TimeControl "5400+30"]

1. e4 c5 2. c3 Nf6 3. e5 Nd5 4. Nf3 Nc6 5. d4 cxd4 6. cxd4 e6 7. Nc3 Nxc3 8. bxc3 d5 9. Bd3 Bd7 10. Rb1 Qc7 11. Bd2 Be7 12. Qc2 Rc8 13. Bxh7 Nb4 14. Qb2 Rxh7 15. cxb4 Bb5 16. Rc1 Bc4 17. Qc2 Rh8 18. a3 Kd7 19. Be3 Qb6 20. Kd2 Qb5 21. Qb1 a5 22. Qb2 axb4 23. Ne1 Qa5 24. Kd1 bxa3 25. Qa1 b5 26. Nc2 b4 27. Bd2 Bb3 28. Qb1 Bxc2+ 29. Rxc2 Rxc2 30. Kxc2 Qa4+ 31. Kd3 b3 32. Rc1 b2 33. Rc3 Qb5+ 34. Kc2 Rb8 35. Rxa3 Bxa3 0-1

[Event "CZE-ch Youth B12 2022"]
[Site "Luhacovice"]
[Date "2022.03.19"]
[Round "9.7"]
[White "Topencik, Bruno"]
[Black "Chon, Jeremy"]
[Result "1/2-1/2"]
[ECO "D31"]
[WhiteElo "1339"]
[BlackElo "1455"]
[Annotator "NA"]
[PlyCount "64"]
[EventDate "2022.03.12"]
[EventType "swiss"]
[EventCountry "CZE"]
[SourceTitle "playchess.com"]
[Source "ChessBase"]
[SourceQuality "1"]
[TimeControl "5400+30"]

1. d4 d5 2. c4 e6 3. Nc3 f5 4. Bf4 Bd6 5. Bxd6 Qxd6 6. e3 Nf6 7. Nf3 c6 8. c5 Qe7 9. Ne5 Nbd7 10. f4 O-O 11. Bd3 Ne4 12. Bxe4 fxe4 13. O-O Rf6 14. Qe2 Qe8 15. b4 Rh6 16. Nxd7 Bxd7 17. Nd1 Qd8 18. Nf2 Qh4 19. Ng4 Rh5 20. g3 Qh3 21. Ne5 Be8 22. Qg2 Qxg2+ 23. Kxg2 Rf5 24. Rfb1 Rf8 25. a4 a6 26. a5 Rc8 27. Rg1 Rc7 28. Raf1 g6 29. g4 Rg7 30. h4 h6 31. Kh2 Kh7 32. g5 h5 1/2-1/2

[Event "CZE-ch Youth B12 2022"]
[Site "Luhacovice"]
[Date "2022.03.19"]
[Round "9.8"]
[White "Letal, Hynek"]
[Black "Kozdon, Marek"]
[Result "1-0"]
[ECO "B40"]
[WhiteElo "1371"]
[BlackElo "1183"]
[Annotator "NA"]
[PlyCount "149"]
[EventDate "2022.03.12"]
[EventType "swiss"]
[EventCountry "CZE"]
[SourceTitle "playchess.com"]
[Source "ChessBase"]
[SourceQuality "1"]
[TimeControl "5400+30"]

1. e4 c5 2. Nf3 e6 3. g3 a6 4. Bg2 Qc7 5. O-O d6 6. c3 Nf6 7. Re1 b5 8. d4 cxd4 9. cxd4 Bb7 10. a3 Nxe4 11. Qd3 Nf6 12. Nc3 Nbd7 13. Bf4 Rc8 14. Rac1 Qc4 15. Qd2 Qb3 16. Qe2 Be7 17. Bh3 Qc4 18. Qe3 Qb3 19. Re2 O-O 20. Bg2 Nd5 21. Nxd5 Bxd5 22. Rxc8 Rxc8 23. Qxb3 Bxb3 24. Re3 Bd5 25. Bh3 Rc2 26. b4 Nb6 27. Ne1 Rc1 28. Bf1 Ra1 29. Nc2 Ra2 30. Rc3 Bc4 31. Bxc4 Nxc4 32. Kf1 g5 33. Bc1 Bf6 34. Ke1 Kg7 35. Kd1 Kg6 36. Be3 d5 37. Kc1 Rb2 38. Rxc4 dxc4 39. Kxb2 Kf5 40. Kc3 Kg4 41. Ne1 Kh3 42. a4 g4 43. axb5 axb5 44. Nc2 h5 45. Na3 Kxh2 46. Bf4 Kg2 47. Nxb5 Kxf2 48. Nd6 Kf3 49. b5 Bd8 50. Nxf7 Bb6 51. Kxc4 h4 52. Ne5+ Ke4 53. Nxg4 hxg3 54. Bxg3 Kf3 55. Bd6 Kxg4 56. Bc5 Bc7 57. b6 Bb8 58. Kb5 Kf5 59. Kc6 e5 60. Bd6 exd4 61. Bxb8 d3 62. Bf4 Kxf4 63. b7 d2 64. b8=Q+ Ke3 65. Qe5+ Kd3 66. Qd5+ Kc2 67. Qc4+ Kb2 68. Qf1 Kc2 69. Qe2 Kc1 70. Qc4+ Kb2 71. Qd3 Kc1 72. Qc3+ Kd1 73. Kc5 Ke2 74. Qc4+ Kf2 75. Qd3 1-0

[Event "CZE-ch Youth B12 2022"]
[Site "Luhacovice"]
[Date "2022.03.19"]
[Round "9.9"]
[White "Mydlar, Matej"]
[Black "Tejnor, Martin"]
[Result "1-0"]
[ECO "B92"]
[WhiteElo "1554"]
[BlackElo "1367"]
[Annotator "NA"]
[PlyCount "49"]
[EventDate "2022.03.12"]
[EventType "swiss"]
[EventCountry "CZE"]
[SourceTitle "playchess.com"]
[Source "ChessBase"]
[SourceQuality "1"]
[TimeControl "5400+30"]

1. e4 c5 2. Nf3 d6 3. d4 cxd4 4. Nxd4 Nf6 5. Nc3 a6 6. Be2 b5 7. Bf3 e5 8. Nf5 Nc6 9. Bg5 Ra7 10. Qd2 Bxf5 11. exf5 Nd4 12. O-O-O Rc7 13. Bxf6 gxf6 14. Qe3 Nxf5 15. Qb6 Nd4 16. Rxd4 exd4 17. Re1+ Be7 18. Nd5 Rd7 19. Nxf6+ Kf8 20. Nxd7+ Qxd7 21. Qxd4 Bg5+ 22. Kb1 f6 23. h4 Bh6 24. Qxf6+ Kg8 25. Bd5+ 1-0

[Event "CZE-ch Youth B12 2022"]
[Site "Luhacovice"]
[Date "2022.03.19"]
[Round "9.10"]
[White "Ruzicka, Oto"]
[Black "Sotek, Simon"]
[Result "0-1"]
[ECO "C30"]
[WhiteElo "1233"]
[BlackElo "1280"]
[Annotator "NA"]
[PlyCount "72"]
[EventDate "2022.03.12"]
[EventType "swiss"]
[EventCountry "CZE"]
[SourceTitle "playchess.com"]
[Source "ChessBase"]
[SourceQuality "1"]
[TimeControl "5400+30"]

1. e4 e5 2. f4 d6 3. Nf3 Nc6 4. Bb5 Bg4 5. O-O Nf6 6. Nc3 Be7 7. d3 O-O 8. Bxc6 bxc6 9. Be3 Nd7 10. Qd2 f5 11. Rae1 Bf6 12. h3 Bxf3 13. Rxf3 fxe4 14. Nxe4 exf4 15. Nxf6+ Qxf6 16. Bxf4 Qxb2 17. Re7 Nf6 18. Rxc7 Qb6+ 19. Be3 Qxc7 20. Rg3 Rf7 21. Qe2 Raf8 22. Bd4 d5 23. Rf3 c5 24. Bc3 d4 25. Bd2 Qe7 26. Qd1 Nd7 27. Rxf7 Qxf7 28. Qg4 Qf2+ 29. Kh2 Qxd2 30. Qxd7 Qxc2 31. Qe6+ Kh8 32. Qe7 Rg8 33. Qxa7 Qxd3 34. Qxc5 Qc3 35. Qe5 Rc8 36. a4 Qc7 0-1

[Event "CZE-ch Youth B12 2022"]
[Site "Luhacovice"]
[Date "2022.03.19"]
[Round "9.11"]
[White "Pasek, Josef"]
[Black "Stejskal, Jakub"]
[Result "1/2-1/2"]
[ECO "A40"]
[WhiteElo "1351"]
[BlackElo "1557"]
[Annotator "NA"]
[PlyCount "61"]
[EventDate "2022.03.12"]
[EventType "swiss"]
[EventCountry "CZE"]
[SourceTitle "playchess.com"]
[Source "ChessBase"]
[SourceQuality "1"]
[TimeControl "5400+30"]

1. d4 e6 2. Nf3 d5 3. g3 c5 4. Bg2 Nc6 5. O-O Nf6 6. c4 Be7 7. Nc3 cxd4 8. Nxd4 O-O 9. cxd5 exd5 10. e3 Qd7 11. b3 Rd8 12. Bb2 Rb8 13. Nce2 Nxd4 14. Nxd4 b6 15. Rc1 Bb7 16. Qe2 a6 17. Rc2 Rbc8 18. Rfc1 Rxc2 19. Rxc2 Rc8 20. a4 Ne4 21. Bxe4 dxe4 22. Rd2 Qd5 23. Nb5 Qe6 24. Nd4 Qd5 25. Nb5 Qf5 26. Nd6 Bxd6 27. Rxd6 Qc5 28. Qd2 h6 29. Rd8+ Rxd8 30. Qxd8+ Kh7 31. Qd4 1/2-1/2

[Event "CZE-ch Youth B12 2022"]
[Site "Luhacovice"]
[Date "2022.03.19"]
[Round "9.12"]
[White "Knapek, Jan"]
[Black "Jansky, Adam"]
[Result "1-0"]
[ECO "C47"]
[WhiteElo "1340"]
[BlackElo "1233"]
[Annotator "NA"]
[PlyCount "141"]
[EventDate "2022.03.12"]
[EventType "swiss"]
[EventCountry "CZE"]
[SourceTitle "playchess.com"]
[Source "ChessBase"]
[SourceQuality "1"]
[TimeControl "5400+30"]

1. e4 e5 2. Nf3 Nc6 3. Nc3 Nf6 4. d4 exd4 5. Nxd4 Bb4 6. Nxc6 Bxc3+ 7. bxc3 bxc6 8. Bd3 O-O 9. O-O d5 10. exd5 cxd5 11. Bg5 h6 12. Bh4 Qd6 13. Qf3 Ng4 14. Bg3 Qd8 15. Rfd1 Nf6 16. h3 Re8 17. c4 Bb7 18. cxd5 Bxd5 19. Qf4 c6 20. c4 Nh5 21. Qc1 Nxg3 22. cxd5 Nh5 23. dxc6 Qc7 24. Bc4 Re7 25. Rb1 Rb8 26. Rxb8+ Qxb8 27. Rd7 Rxd7 28. cxd7 Qd6 29. Be2 Qxd7 30. Bxh5 Qb5 31. Bf3 Qb8 32. Qc6 Qb1+ 33. Kh2 Qxa2 34. Qe8+ Kh7 35. Be4+ g6 36. Bf3 a5 37. Qd7 Kg7 38. Qd5 Qa1 39. Bd1 a4 40. f4 a3 41. Bb3 Qf6 42. Qe5 Qxe5 43. fxe5 g5 44. e6 fxe6 45. Bxe6 Kf6 46. Ba2 Kf5 47. Kg3 h5 48. Bb1+ Kf6 49. h4 g4 50. Kf4 g3 51. Kxg3 Ke5 52. Ba2 Ke4 53. Kf2 Kf4 54. g3+ Kf5 55. Kf3 Kg6 56. Kf4 Kf6 57. Bb3 Kg6 58. Ke5 Kg7 59. Kf5 Kh6 60. Kf6 Kh7 61. Kg5 Kg7 62. Kxh5 Kh7 63. g4 Kg7 64. g5 Kh7 65. g6+ Kg7 66. Kg5 a2 67. Bxa2 Kh8 68. Bb1 Kg8 69. Kh6 Kh8 70. g7+ Kg8 71. Ba2# 1-0